Map: Ascension to Aiur LE

Players

GhostMatter

  • Race: Zerg Zerg
  • Spawn Location: 11:00

A.I. 1 (Very Hard) - Winner!

  • Race: Terran Terran
  • Spawn Location: 5:00

VOD

Have the link to the VOD?

Description

Time

  • Played on: July 26, 2017, 2:50 p.m.
  • Length: 13:35
Show
View Real Time Build Order
Export as new Build Order

GhostMatter Zerg 

Build Orders: Pool First 

Get SALT Encoding   

  12  0:05  Drone  
  13  0:22  Drone  
  14  0:40  Overlord x3  
  14  0:48  Extractor  
  13  0:54  Spawning Pool  
  13  0:55  Drone  
  13  1:06  Drone  
  14  1:22  Drone  
  15  1:27  Drone  
  16  1:43  Drone  
  16  1:45  Queen  
  19  1:47  Zergling x2  
  20  2:04  Hatchery  
  20  2:08  Drone  
  20  2:14  Drone  
  21  2:22  Drone  
  22  2:33  Drone  
  23  2:46  Drone  
  24  2:56  Overlord  
  24  2:57  Overlord x2, Extractor  
  22  3:14  Drone x2  
  22  3:15  Zergling x2  
  25  3:26  Drone  
  26  3:30  Queen  
  26  3:33  Zergling x2  
  26  3:34  Zergling x2  
  30  3:43  Drone  
  30  3:45  Roach Warren  
  30  3:55  Zergling x6  
  33  4:18  Baneling Nest  
  33  4:19  Drone  
  33  4:21  Zergling x6  
  33  4:22  Drone x3  
  39  4:33  Roach  
  42  5:00  Drone x3  
  42  5:02  Drone x3  
  42  5:03  Drone  
  42  5:06  Lair  
  48  5:24  Evolution Chamber  
  47  5:36  Zergling x2  
  47  5:37  Roach x3, Zergling x4  
  47  5:41  Roach  
  47  5:42  Roach x2  
  62  5:49  Drone x2  
  64  6:05  Ravager x2  
  66  6:13  Zerg Melee Weapons Level 1  
  66  6:15  Drone  
  66  6:16  Drone  
  68  6:19  Overlord  
  68  6:31  Spire  
  67  6:39  Infestation Pit  
  66  7:04  Zergling x6  
  66  7:05  Roach x3, Zergling x2  
  76  7:10  Overlord x3  
  76  7:11  Overlord x4  
  76  7:16  Overseer  
  76  7:37  Extractor  
  76  7:38  Extractor  
  76  7:39  Drone x3  
  76  7:40  Drone x3  
  80  7:49  Mutalisk x4  
  88  7:54  Hive  
  88  8:08  Mutalisk x2  
  88  8:09  Mutalisk  
  94  8:14  Hatchery  
  93  8:43  Hatchery  
  93  8:44  Zerg Flyer Weapons Level 1  
  93  8:47  Drone  
  93  8:48  Zergling x10  
  51  9:39  Mutalisk x5  
  51  9:40  Mutalisk  
  63  10:09  Mutalisk  
  63  10:10  Mutalisk  
  42  10:29  Mutalisk  
  45  10:48  Drone x3  
  44  10:50  Queen  
  46  11:12  Spire  
  45  11:24  Hatchery  
  44  11:25  Queen  
  43  11:40  Zergling x4  
  43  11:41  Zergling x6  
  43  11:44  Queen  
  50  11:51  Zergling x4  
  50  11:52  Zergling x2  
  53  12:10  Drone  
  54  12:29  Mutalisk x3  
  56  12:30  Mutalisk x3  
  56  12:34  Hatchery  
  65  12:39  Drone x2  
  65  12:40  Drone x3  
Show
View Real Time Build Order
Export as new Build Order

A.I. 1 (Very Hard) Terran - Winner!

Build Orders: Mech 

Get SALT Encoding   

  12  0:00  SCV  
  13  0:13  SCV  
  14  0:19  Supply Depot  
  14  0:25  SCV  
  15  0:29  Refinery  
  15  0:41  SCV  
  16  0:47  Barracks  
  16  0:53  SCV  
  17  1:05  SCV  
  17  1:09  Supply Depot  
  18  1:17  SCV  
  19  1:29  SCV  
  20  1:33  Marine  
  20  1:36  Factory  
  21  1:44  Barracks  
  21  1:46  SCV  
  22  1:51  Marine  
  23  1:59  SCV  
  24  2:03  Supply Depot  
  24  2:09  Marine  
  24  2:11  SCV  
  26  2:19  Factory Tech Lab  
  26  2:23  SCV  
  26  2:27  Marine  
  28  2:35  SCV, Marine  
  30  2:39  Siege Tank  
  33  2:47  SCV  
  34  3:03  Command Center  
  34  3:11  Orbital Command  
  34  3:17  Refinery  
  34  3:36  Factory, Marine  
  34  3:39  Marine  
  36  3:42  SCV  
  37  3:55  SCV  
  38  4:07  SCV  
  38  4:09  Supply Depot  
  39  4:15  SCV  
  40  4:19  SCV, Factory Tech Lab  
  41  4:27  SCV, Siege Tank  
  41  4:31  SCV  
  46  4:38  Siege Tank  
  49  4:39  SCV  
  49  4:42  Supply Depot  
  49  4:43  SCV, Marine  
  52  4:51  SCV, Supply Depot  
  53  4:55  SCV  
  54  5:00  Siege Tank  
  54  5:03  SCV  
  58  5:07  SCV  
  58  5:10  Hellion, Refinery  
  61  5:15  Barracks Tech Lab, Refinery  
  61  5:16  SCV  
  61  5:19  SCV  
  63  5:25  Factory  
  63  5:28  SCV  
  64  5:31  SCV, Hellion  
  64  5:32  Siege Tank  
  64  5:34  Supply Depot  
  70  5:40  SCV  
  71  5:43  SCV  
  71  5:48  Marine  
  73  5:50  Marine  
  73  5:52  SCV, Siege Tank  
  73  5:55  SCV  
  79  5:57  Supply Depot  
  79  6:04  SCV, Hellion  
  79  6:06  Infernal Pre-Igniter  
  79  6:09  Hellion  
  84  6:17  Armory  
  84  6:19  SCV x2, Marauder  
  84  6:21  Supply Depot  
  84  6:25  Hellion  
  90  6:26  Hellion  
  90  6:31  Command Center, SCV  
  93  6:39  SCV  
  94  6:43  Marauder  
  96  6:47  Supply Depot  
  96  6:54  Engineering Bay  
  96  7:04  Terran Vehicle And Ship Armor Level 1, Marauder  
  96  7:06  Engineering Bay  
  98  7:11  Supply Depot  
  98  7:16  Armory  
  98  7:18  Orbital Command  
  98  7:20  Terran Infantry Armor Level 1  
  98  7:22  Missile Turret  
  98  7:26  Missile Turret, Marauder  
  98  7:28  Siege Tank  
  103  7:31  Terran Infantry Weapons Level 1  
  103  7:33  Siege Tank  
  106  7:37  Supply Depot  
  106  7:43  SCV  
  107  7:45  SCV  
  107  7:47  SCV  
  109  7:55  SCV, Missile Turret  
  109  7:57  SCV  
  111  7:59  SCV  
  111  8:00  Missile Turret  
  111  8:03  Terran Vehicle Weapons Level 1  
  112  8:08  SCV  
  112  8:09  SCV  
  112  8:11  SCV  
  115  8:20  SCV, Starport  
  115  8:22  SCV  
  115  8:23  Orbital Command  
  117  8:30  Widow Mine  
  117  8:32  SCV  
  120  8:34  Supply Depot  
  120  8:35  SCV  
  120  8:36  Widow Mine  
  120  8:40  Missile Turret  
  123  8:44  SCV  
  123  8:45  Marine x2  
  123  8:47  SCV  
  126  8:49  SCV  
  127  8:56  Refinery  
  127  8:58  Supply Depot  
  127  8:59  Medivac  
  127  9:02  Fusion Core  
  129  9:03  Marine  
  129  9:04  Hellion, Marauder  
  129  9:07  Hellion  
  136  9:16  Hellion, Refinery  
  138  9:21  Marine  
  138  9:23  Supply Depot  
  139  9:25  Marauder  
  139  9:30  Starport Tech Lab  
  135  9:31  Liberator  
  135  9:34  Missile Turret  
  135  9:37  Terran Infantry Weapons Level 2  
  132  9:38  SCV  
  132  9:39  Marine  
  131  9:45  Supply Depot  
  131  9:46  Marauder  
  136  9:54  Barracks  
  136  9:56  Missile Turret  
  136  9:57  Marine  
  137  10:01  Command Center  
  137  10:07  Marine  
  137  10:09  Supply Depot  
  134  10:14  Marine  
  134  10:18  Siege Tank  
  131  10:22  Siege Tank  
  131  10:25  Marine  
  132  10:32  Battlecruiser, Marine  
  139  10:41  Marine  
  137  10:43  Marine  
  134  10:50  Marine, Siege Tank  
  134  10:54  Barracks, Siege Tank  
  134  10:56  Missile Turret  
  125  10:58  Hellion  
  125  10:59  Marine  
  125  11:01  Marauder  
  112  11:08  Marine  
  113  11:14  SCV x2  
  113  11:15  Refinery  
  113  11:16  Marine  
  116  11:19  Liberator  
  116  11:20  Hellion  
  116  11:22  Stimpack, Marine, Siege Tank  
  116  11:23  Planetary Fortress  
  116  11:24  Refinery  
  122  11:25  Missile Turret  
  122  11:27  Hellion  
  122  11:28  Missile Turret  
  122  11:30  Marine  
  120  11:34  Marine  
  118  11:40  Widow Mine, Marine  
  118  11:41  Marine  
  117  11:48  Hellion, Marine  
  117  11:52  Marine  
  118  11:54  Widow Mine  
  118  11:58  Marauder  
  122  12:01  Liberator  
  122  12:09  Siege Tank  
  122  12:10  Hellion  
  127  12:18  Marine  
  127  12:20  Marauder  
  133  12:23  Thor  
  133  12:27  Command Center  
  139  12:32  Factory Tech Lab  
  139  12:41  Thor  
  145  12:44  Missile Turret  
  145  12:46  Missile Turret  
  145  12:51  Hellion  
  147  12:59  Marine  
  147  13:00  Marine  
  152  13:06  Hellion, Marine  
  152  13:07  Marine  
  152  13:08  Missile Turret  
  152  13:09  Supply Depot  
  159  13:12  Starport  
  159  13:17  Marine  
  161  13:22  SCV  
  161  13:25  Barracks Reactor, Barracks Tech Lab  
Tags
 
Composition
Mech
Matchup
TvZ
Opening
Pool First
Spawn Locations
Cross Positions
Add a new tag
Caveats
  • Supply blocks, unpowered buildings, or Contaminate may cause inaccurate times.
  • Supply counts are checked every 10 seconds.